 Dungeon Crawl Stone Soup version 0.27.1-3-gb3d3a73c9e (webtiles) character file.

Game seed: 15517534960949708477

143 Urokeeper the Sneak (level 5, -1/41 HPs)
             Began as a Human Brigand on Oct 7, 2021.
             Slain by a bullfrog skeleton (3 damage)
             ... on level 2 of the Dungeon.
             The game lasted 00:05:31 (1829 turns).

Urokeeper the Sneak (Human Brigand)                 Turns: 1829, Time: 00:05:32

Health: -1/41      AC:  3    Str: 11    XL:     5   Next: 50%
Magic:  5/5        EV: 11    Int: 12    God:
Gold:   33         SH:  0    Dex: 15    Spells: 4/4 levels left

rFire    . . .     SeeInvis .   a - +2 dagger
rCold    . . .     Faith    .   (no shield)
rNeg     . . .     Spirit   .   f - +0 leather armour
rPois    .         Reflect  .   (no helmet)
rElec    .         Harm     .   g - scarf {shadows}
rCorr    .         Rampage  .   (no gloves)
Will     .....                  (no boots)
Stlth    +++.......             o - amulet of the acrobat
HPRegen  0.13/turn              (no ring)
MPRegen  0.09/turn              (no ring)

@: no status effects
A: no striking features
a: no special abilities


You were on level 2 of the Dungeon.
You visited 1 branch of the dungeon, and saw 2 of its levels.

You collected 33 gold pieces.

Inventory:

Hand Weapons
 a - a +2 dagger (weapon)
Missiles
 d - 6 poisoned darts
 e - a curare-tipped dart (quivered)
Armour
 b - a +0 robe
 c - a +0 cloak
 f - a +0 leather armour (worn)
 g - a scarf of shadows (worn)
 m - a scarf of invisibility
Jewellery
 o - an amulet of the acrobat (around neck)
Wands
 n - a wand of polymorph (9)
Scrolls
 h - a scroll of noise
 j - a scroll of enchant armour {unknown}
 l - a scroll of fear
Potions
 i - a potion of haste {unknown}
 k - a potion of curing


   Skills:
 + Level 3.1 Fighting
 + Level 3.1 Short Blades
 - Level 2.0 Throwing
 + Level 2.1 Armour
 - Level 1.0 Dodging
 + Level 4.8 Stealth


You had 4 spell levels left.
You didn't know any spells.
Your spell library contained the following spells:

 Spells                   Type           Power      Damage    Failure   Level
 Ensorcelled Hibernation  Hex/Ice        0%         N/A       54%         2
 Spider Form              Tmut/Pois      0%         N/A       78%         3
 Shadow Creatures         Summ           N/A        N/A       100%        6


Dungeon Overview and Level Annotations

Branches:
Dungeon (2/15)

Altars:

Shops:
D:1 ![*?   D:2 [


Message History

The ball python is severely wounded.
The ball python bites you. The ball python constricts you.
You hit the ball python but do no damage.
The ball python is severely wounded.
The ball python closely misses you. The ball python constricts you.
You hit the ball python but do no damage.
The ball python is moderately wounded.
The ball python barely misses you. The ball python constricts you.
You hit the ball python.
You kill the ball python!
You hit the bullfrog skeleton.
The bullfrog skeleton is lightly damaged.
The bullfrog skeleton barely misses you.
You hit the bullfrog skeleton.
The bullfrog skeleton is lightly damaged.
The bullfrog skeleton hits you.
You hit the bullfrog skeleton.
The bullfrog skeleton is moderately damaged.
The bullfrog skeleton barely misses you.
You hit the bullfrog skeleton.
The bullfrog skeleton is moderately damaged.
The bullfrog skeleton hits you.
* * * LOW HITPOINT WARNING * * *
You barely miss the bullfrog skeleton.
The bullfrog skeleton is moderately damaged.
The bullfrog skeleton hits you.
* * * LOW HITPOINT WARNING * * *
The bullfrog skeleton barely misses you.
You hit the bullfrog skeleton.
The bullfrog skeleton is heavily damaged.
The bullfrog skeleton hits you.
* * * LOW HITPOINT WARNING * * *
You hit the bullfrog skeleton.
The bullfrog skeleton is severely damaged.
The bullfrog skeleton hits you.
* * * LOW HITPOINT WARNING * * *
You hit the bullfrog skeleton.
The bullfrog skeleton is almost destroyed.
The bullfrog skeleton hits you.
You die...

## #. #. #. #. #. .. #.
...:############# #.
....(Z@(......... #.
....######.###########.
.> ..........†........
######.###.........
#.....#...........
#.#####...........
..............
...............
.....########'##


You could see a bullfrog skeleton.

Vanquished Creatures
  A black bear (D:2)
  3 adders (D:2)
  A dart slug (D:1)
  2 bats
  A giant cockroach (D:2)
  A goblin (D:1)
  3 hobgoblins
  3 jackals (D:1)
  A kobold (D:1)
  4 ball pythons
  3 frilled lizards
  A rat (D:2)
24 creatures vanquished.

Notes
Turn   | Place    | Note
-------+----------+-------------------------------------------
     0 | D:1      | Urokeeper the Human Brigand began the quest for the Orb.
     0 | D:1      | Reached XP level 1. HP: 16/16 MP: 1/1
    45 | D:1      | Found Ribil's Antique Armour Boutique.
   276 | D:1      | Found Ifa Xis's Distillery.
   323 | D:1      | Found Raicepul's Magic Scroll Shop.
   461 | D:1      | Reached XP level 2. HP: 22/22 MP: 2/2
   503 | D:1      | Found Ylessul's General Store.
  1343 | D:2      | Reached XP level 3. HP: 28/28 MP: 3/3
  1387 | D:2      | Found a faded altar of an unknown god.
  1453 | D:2      | Reached skill level 1 in Armour
  1499 | D:2      | Found Wyqeej's Armour Boutique.
  1794 | D:2      | Reached XP level 4. HP: 33/34 MP: 4/4
  1802 | D:2      | Noticed a black bear
  1814 | D:2      | Killed a black bear
  1815 | D:2      | Reached XP level 5. HP: 20/41 MP: 5/5
  1828 | D:2      | HP: 2/41 [bullfrog skeleton (1)]
  1829 | D:2      | Slain by a bullfrog skeleton

Illustrated notes

Levels and vault maps discovered:
D:1:      dpeg_arrival_triangle_fractal, layout_loops_ring, serial_shops,
          shop_scrolls, nicolae_shop_trees, shop, shop,
          chequers_serial_rivers_room_b
D:2:      layout_basic, hellmonk_ecumenical_altar_pennies_from_heaven,
          serial_shops, shop, guppyfry_early_lair_pool

Skill      XL: |  1  2  3  4 |
---------------+-------------+-----
Armour         | 1 2 |  2.1
Fighting       | 3 |  3.1
Short Blades   | 3 |  3.1
Throwing       | |  2.0
Dodging        | |  1.0
Stealth        | |  4.8

Action                   |  1- 3 |  4- 6 || total
-------------------------+-------+-------++-------
Melee: Dagger            |    64 |    24 ||    88
Throw: Dart              |     7 |     1 ||     8
  Use: Scroll            |     2 |       ||     2
       Potion            |     1 |       ||     1
 Stab: Sleeping          |     3 |       ||     3
Armor: Leather armour    |    13 |     1 ||    14
Dodge: Dodged            |    25 |    15 ||    40
